 Dungeon Crawl Stone Soup version 0.23.0 (webtiles) character file.

Game seed: 9825618593857341463

225 tidbits the Charmwright (level 6, -1/50 HPs)
             Began as a Gnoll Skald on Feb 17, 2019.
             Was an Initiate of Cheibriados.
             Slain by an orc priest
             ... wielding a +0 trident
              (7 damage)
             ... on level 4 of the Dungeon.
             The game lasted 00:17:02 (835 turns).

tidbits the Charmwright (Gnoll Skald)                Turns: 835, Time: 00:17:03

Health: -1/50      AC:  6    Str: 11 (14) XL:     6   Next: 1%
Magic:  22/22      EV: 14    Int: 22 (24) God:    Cheibriados [......]
Gold:   60         SH:  0    Dex: 16 (18) Spells: 4/15 levels left

rFire    . . .     SeeInvis .   a - +0 trident
rCold    . . .     Gourm    .   (no shield)
rNeg     . . .     Faith    .   b - +0 leather armour
rPois    .         Spirit   .   (no helmet)
rElec    .         Reflect  .   (no cloak)
rCorr    .         Harm     .   G - +1 pair of gloves
MR       .....                  F - +0 pair of boots
Stlth    ++........             (no amulet)
HPRegen  0.16/turn              g - ring of magical power
MPRegen  0.18/turn              X - +3 ring of dexterity

@: brilliant, singing (expiring), very slightly contaminated, very slow
A: distributed training, fangs 1, strong nose
a: Bend Time, Renounce Religion


You were on level 4 of the Dungeon.
You worshipped Cheibriados.
Cheibriados was noncommittal.
You were not hungry.

You visited 2 branches of the dungeon, and saw 6 of its levels.

You collected 60 gold pieces.

Inventory:

Hand Weapons
 a - a +0 trident (weapon)
 k - a +0 broad axe
 l - a +0 dagger
 q - a +0 spear
Missiles
 o - 4 tomahawks (quivered)
Armour
 b - a +0 leather armour (worn)
 F - a +0 pair of boots (worn)
 G - a +1 pair of gloves (worn)
Jewellery
 g - a ring of magical power (left hand)
   (You found it on level 1 of the Dungeon)
 p - an uncursed ring of teleportation
   (You found it on level 3 of the Dungeon)
 X - a +3 ring of dexterity (right hand)
   (You found it on level 1 of the Dungeon)
Scrolls
 c - 5 scrolls of teleportation
 m - a scroll of enchant weapon
 n - a scroll of magic mapping
Potions
 h - a potion of haste
 i - a potion of invisibility
 j - 2 potions of degeneration {!q}
Comestibles
 d - 3 rations


   Skills:
 + Level 4.9 Fighting
 + Level 1.7 Short Blades
 + Level 1.7 Long Blades
 + Level 1.7 Axes
 + Level 1.7 Maces & Flails
 + Level 4.9 Polearms
 + Level 1.7 Staves
 + Level 1.7 Slings
 + Level 1.7 Bows
 + Level 1.7 Crossbows
 + Level 1.7 Throwing
 + Level 3.1 Armour
 + Level 4.9 Dodging
 + Level 1.7 Stealth
 + Level 1.7 Shields
 + Level 1.7 Unarmed Combat
 + Level 5.2 Spellcasting
 + Level 1.3 Conjurations
 + Level 1.3 Hexes
 + Level 5.6 Charms
 + Level 1.3 Summonings
 + Level 1.3 Necromancy
 + Level 1.3 Translocations
 + Level 1.3 Transmutations
 + Level 1.3 Fire Magic
 + Level 1.3 Ice Magic
 + Level 1.3 Air Magic
 + Level 1.3 Earth Magic
 + Level 1.3 Poison Magic
 + Level 1.9 Invocations
 + Level 1.7 Evocations


You had 4 spell levels left.
You knew the following spells:

 Your Spells              Type           Power        Failure   Level  Hunger
g - Shroud of Golubria    Chrm/Tloc      ####......   1%          2    None
i - Infusion              Chrm           ####         1%          1    None
r - Regeneration          Chrm/Necr      ####......   1%          3    ##.....
w - Spectral Weapon       Hex/Chrm       ####....     1%          3    ##.....
y - Song of Slaying       Chrm           #####...     1%          2    None

Your spell library contained the following spells:

 Spells                   Type           Power        Failure   Level  Hunger


Dungeon Overview and Level Annotations

Branches:
Dungeon (5/15)             Temple (1/1) D:4

Altars:
Ashenzari
Cheibriados
Fedhas
Kikubaaqudgha
Nemelex Xobeh
Ru
Sif Muna
Vehumet
Xom


Innate Abilities, Weirdness & Mutations

Your experience applies equally to all skills.
You have very sharp teeth.
Your uncanny sense of smell can sniff out nearby items.


Message History

Your spectral weapon shares its damage with you!
You barely miss the orc wizard.
The orc wizard is heavily wounded.
Your spectral weapon barely misses the orc wizard.
The orc wizard misses you. Something hits your spectral weapon.
The orc hits your spectral weapon with a +0 mace.
Your spectral weapon shares its damage with you!
Unknown command.
You puncture the orc wizard! Your bite misses the orc wizard.
The orc wizard is almost dead.
Your spectral weapon hits the orc wizard!
You kill the orc wizard!
Cheibriados appreciates the change of pace.
You swap places.
An orc priest comes into view. It is wielding a +0 trident.
The orc priest begins to cast a cantrip, but forgets the words!
There is an open door here.
Things that are here:
a +0 dagger; a +0 robe; an orc corpse Unknown command.
Unknown command.
Unknown command.
You hit the orc.
The orc is heavily wounded.
Your spectral weapon barely misses the orc.
Your shroud bends the orc's attack away.
The orc closely misses you.
You hit the orc.
You kill the orc!
Cheibriados appreciates the change of pace.
You hear an angry hiss.
The orc misses you.
An orc comes into view. It is wielding a -2 short sword.
Unknown command.
Unknown command.
Unknown command.
You barely miss the orc.
Your spectral weapon barely misses the orc.
The orc barely misses you. The orc hits you but does no damage.
You hit the orc but do no damage. Your bite misses the orc.
Your spectral weapon hits the orc from afar!
You kill the orc!
Cheibriados appreciates the change of pace.
You have reached level 6!
Your experience leads to an increase in your attributes!
Your base attributes are Str 13, Int 17, Dex 14.
Increase (S)trength, (I)ntelligence, or (D)exterity?
You feel clever. The orc barely misses you.
Unknown command.
An iguana comes into view.
The iguana hisses angrily.
The orc barely misses you.
The orc priest calls down the wrath of Beogh upon you.
Beogh smites you!
Things that are here:
a cursed -2 short sword; a +0 mace; an orc corpse Unknown command.
Unknown command.
Unknown command.
You puncture the orc!
You kill the orc!
Cheibriados appreciates the change of pace.
Your shroud bends the orc priest's attack away.
You hit the iguana. You bite the iguana, but do no damage.
The iguana is moderately wounded.
The orc priest hits you from afar with a +0 trident.
Your shroud falls apart!
The iguana closely misses you.
You hit the iguana.
The iguana is moderately wounded.
The orc priest closely misses you.
The iguana bites you but does no damage.
Unknown command.
The orc priest invokes the aid of Beogh against you.
Pain shoots through your body!
* * * LOW HITPOINT WARNING * * *
Unknown command.
You barely miss the iguana.
The iguana is moderately wounded.
Your song is almost over.
Your spectral weapon barely misses the iguana.
The orc priest hits you with a +0 trident.
* * * LOW HITPOINT WARNING * * *
The iguana bites you!
* * * LOW HITPOINT WARNING * * *
It was a potion of degeneration.
There was something very wrong with that liquid.
You feel weakened.
You feel dopey.
You feel clumsy.
The orc priest hits you with a +0 trident.
* * * LOW HITPOINT WARNING * * *
The iguana barely misses you.
It was a potion of brilliance.
You feel clever all of a sudden.
The orc priest miscasts a cantrip.
The iguana bites you but does no damage.
It was a potion of magic.
Magic courses through your body.
Your spectral weapon fades away.
The orc priest hits you with a +0 trident!
You die...

.##[......# #....##
.###......# #.....#
.###......#####.....#
###.......#........###
##....................
###......#..............
........##.......#.....#
.#.#....##..#....##..#
####....#..###..@..#..#
###....#####)lo....#
....###.#)#........
....# #._.###.....##
.... ##.#+ ....## ##. ##
.#.S.. ∆ ....##. ....# .


You could see an iguana, an orc priest and an adder.

Vanquished Creatures
  An orc priest (D:4)
  A hound (D:4)
  2 orc wizards (D:4)
  A centaur skeleton (D:4)
  Natasha (D:3)
  An adder (D:3)
  2 dart slugs (D:1)
  3 leopard geckos
  9 orcs
  A bat (D:2)
  A giant cockroach (D:1)
  4 hobgoblins (D:1)
  A kobold (D:1)
  6 goblins
  3 rats
37 creatures vanquished.

Vanquished Creatures (others)
  A spectral weapon (D:4)
1 creature vanquished.

Grand Total: 38 creatures vanquished

Notes
Turn   | Place    | Note
-------+----------+-------------------------------------------
     0 | D:1      | tidbits the Gnoll Skald began the quest for the Orb.
     0 | D:1      | Reached XP level 1. HP: 20/20 MP: 6/6
   143 | D:1      | Reached XP level 2. HP: 12/26 MP: 7/7
   150 | D:1      | Learned a level 2 spell: Song of Slaying
   153 | D:1      | Learned a level 2 spell: Shroud of Golubria
   288 | D:3      | Reached XP level 3. HP: 24/31 MP: 9/9
   293 | D:2      | Reached skill level 5 in Spellcasting
   298 | D:2      | Learned a level 3 spell: Regeneration
   302 | D:2      | Learned a level 3 spell: Spectral Weapon
   386 | D:3      | Noticed Natasha
   394 | D:3      | Killed Natasha
   394 | D:3      | Reached skill level 1 in Short Blades
   394 | D:3      | Reached skill level 1 in Long Blades
   394 | D:3      | Reached skill level 1 in Axes
   394 | D:3      | Reached skill level 1 in Maces & Flails
   394 | D:3      | Reached skill level 1 in Staves
   394 | D:3      | Reached skill level 1 in Slings
   394 | D:3      | Reached skill level 1 in Bows
   394 | D:3      | Reached skill level 1 in Crossbows
   394 | D:3      | Reached skill level 1 in Throwing
   394 | D:3      | Reached skill level 1 in Stealth
   394 | D:3      | Reached skill level 1 in Shields
   394 | D:3      | Reached skill level 1 in Unarmed Combat
   394 | D:3      | Reached skill level 1 in Invocations
   394 | D:3      | Reached skill level 1 in Evocations
   394 | D:3      | Reached XP level 4. HP: 36/38 MP: 11/11
   459 | D:4      | Reached skill level 1 in Conjurations
   459 | D:4      | Reached skill level 1 in Hexes
   459 | D:4      | Reached skill level 1 in Summonings
   459 | D:4      | Reached skill level 1 in Necromancy
   459 | D:4      | Reached skill level 1 in Translocations
   459 | D:4      | Reached skill level 1 in Transmutations
   459 | D:4      | Reached skill level 1 in Fire Magic
   459 | D:4      | Reached skill level 1 in Ice Magic
   459 | D:4      | Reached skill level 1 in Air Magic
   459 | D:4      | Reached skill level 1 in Earth Magic
   459 | D:4      | Reached skill level 1 in Poison Magic
   460 | D:4      | Found a staircase to the Ecumenical Temple.
   470 | Temple   | Entered the Ecumenical Temple
   529 | Temple   | Became a worshipper of Cheibriados the Contemplative
   618 | D:5      | Entered Level 5 of the Dungeon
   638 | D:4      | Reached XP level 5. HP: 39/43 MP: 12/12
   754 | D:4      | Reached skill level 3 in Armour
   810 | D:4      | Found a sparkling altar of Nemelex Xobeh.
   826 | D:4      | Reached XP level 6. HP: 47/50 MP: 7/13
   832 | D:4      | HP: 9/50 [iguana (11)]
   835 | D:4      | Slain by an orc priest

Skill      XL: |  1  2  3  4  5 |
---------------+----------------+-----
Spellcasting   | 5 |  5.2
Short Blades   | 1 |  1.7
Long Blades    | 1 |  1.7
Axes           | 1 |  1.7
Maces & Flails | 1 |  1.7
Staves         | 1 |  1.7
Slings         | 1 |  1.7
Bows           | 1 |  1.7
Crossbows      | 1 |  1.7
Throwing       | 1 |  1.7
Stealth        | 1 |  1.7
Shields        | 1 |  1.7
Unarmed Combat | 1 |  1.7
Invocations    | 1 |  1.9
Evocations     | 1 |  1.7
Conjurations   | 1 |  1.3
Hexes          | 1 |  1.3
Summonings     | 1 |  1.3
Necromancy     | 1 |  1.3
Translocations | 1 |  1.3
Transmutations | 1 |  1.3
Fire Magic     | 1 |  1.3
Ice Magic      | 1 |  1.3
Air Magic      | 1 |  1.3
Earth Magic    | 1 |  1.3
Poison Magic   | 1 |  1.3
Armour         | 3 |  3.1
Fighting       | |  4.9
Polearms       | |  4.9
Dodging        | |  4.9
Charms         | |  5.6

Action                   |  1- 3 |  4- 6 || total
-------------------------+-------+-------++-------
Melee: Spear             |    49 |    28 ||    77
       Trident           |       |    15 ||    15
       Bite              |       |     2 ||     2
Throw: Tomahawk          |       |     1 ||     1
 Cast: Infusion          |     4 |       ||     4
       Shroud of Golubri |     2 |     4 ||     6
       Song of Slaying   |     1 |     3 ||     4
       Spectral Weapon   |     3 |     9 ||    12
       Regeneration      |     1 |     1 ||     2
  Use: Scroll            |     4 |     3 ||     7
       Potion            |       |     3 ||     3
  Eat: Ration            |     1 |       ||     1
Armor: Leather armour    |     3 |     7 ||    10
Dodge: Dodged            |    12 |    28 ||    40

Table legend:
 A = Turns spent in this place as a percentage of turns spent in the entire game.
 B = Non-inter-level travel turns spent in this place as a percentage of non-inter-level travel turns spent in the entire game.
 C = Inter-level travel turns spent in this place as a percentage of turns spent in this place.
 D = Turns resting spent in this place as a percentage of non-inter-level travel turns spent in this place.
 E = Turns spent auto-exploring this place as a percentage of non-inter-level travel turns spent in this place.
 F = Non-inter-level travel turns spent in this place divided by the number of levels of this place that you've seen.
                   A       B       C       D       E      F
               +-------+-------+-------+-------+-------+----------------------
         Total | 100.0 | 100.0 |  13.1 |   0.0 |   0.0 | 121.0
       Dungeon |  86.6 |  92.6 |   7.1 |   0.0 |   0.0 | 134.4
        Temple |  13.4 |   7.4 |  51.8 |   0.0 |   0.0 |  54.0
               +-------+-------+-------+-------+-------+----------------------

Table legend:
 A = Kills in this place as a percentage of kills in entire the game.
 B = Kills by you in this place as a percentage of kills by you in the entire game.
 C = Kills by friends in this place as a percentage of kills by friends in the entire game.
 D = Other kills in this place as a percentage of other kills in the entire game.
 E = Experience gained in this place as a percentage of experience gained in the entire game.
 F = Experience gained in this place divided by the number of levels of this place that you have seen.
                   A       B       C       D       E      F
               +-------+-------+-------+-------+-------+----------------------
         Total | 100.0 | 100.0 |   N/A |   N/A | 100.0 |  53.7
       Dungeon | 100.0 | 100.0 |   N/A |   N/A | 100.0 |  64.4
               +-------+-------+-------+-------+-------+----------------------

Levels and vault maps discovered:
D:1:      scummos_arrival_star, layout_rooms, minmay_misc_feat_room
D:2:      layout_basic, yredelemnul_altar_generic, first_ration
D:3:      layout_basic, uniq_natasha
D:4:      layout_cave_pools, nicolae_dithmenos_shadow_blocks,
          grunt_qazlal_clouds, minmay_temple_entry_overgrown,
          nemelex_diamond_rough_becter
D:5:      lemuel_ratsnest, layout_basic, gammafunk_ghost_mausoleum, uniq_duvessa
Temple:   dpeg_five_rooms_temple
